 Dungeon Crawl Stone Soup version 0.23-a0-208-gb6b040f (webtiles) character file.

7777 PurpleRed the Grappler (level 11, -10/78 HPs)
             Began as an Octopode Wanderer on Sept 24, 2018.
             Was an Elder of Okawaru.
             Mangled by a yaktaur captain (24 damage)
             ... on level 10 of the Dungeon.
             The game lasted 00:37:46 (10505 turns).

PurpleRed the Grappler (Octopode Wanderer)         Turns: 10505, Time: 00:37:46

Health: -10/78     AC: 11    Str: 13    XL:     11   Next: 20%
Magic:  12/15      EV: 27    Int: 16    God:    Okawaru [****..]
Gold:   569        SH:  0    Dex: 17    Spells: 5/15 levels left

rFire    . . .     SeeInvis .     - Unarmed
rCold    . . .     Gourm    .   (no shield)
rNeg     + . .     Faith    .   (helmet restricted)
rPois    .         Spirit   .   (no amulet)
rElec    .         Reflect  .   l - +4 ring of protection
rCorr    .         Harm     .   u - ring of positive energy
MR       .....                  x - +5 ring of protection
Stlth    +++++.....             v - +1 ring of protection
HPRegen  0.23/turn              (no ring)
MPRegen  0.14/turn              (no ring)
                                (no ring)
                                (no ring)

@: agile, heroism
A: almost no armour, stealthy swim, amphibious, 8 rings, constrict 8, camouflage
1, gelatinous body 1
a: Heroism, Renounce Religion


You were on level 10 of the Dungeon.
You worshipped Okawaru.
Okawaru was greatly pleased with you.
You were hungry.

You visited 2 branches of the dungeon, and saw 11 of its levels.
You also visited: Sewer.

You collected 569 gold pieces.

Inventory:

Hand Weapons
 n - a +2 dagger of electrocution
Missiles
 k - 27 poisoned needles
 o - 71 sling bullets
 w - 4 throwing nets
 A - 2 steel tomahawks (quivered)
Magical Staves
 s - an uncursed staff of cold
 B - an uncursed staff of wizardry
Jewellery
 l - a +4 ring of protection (left tentacle)
 u - a ring of positive energy (right tentacle)
 v - a +1 ring of protection (on tentacle)
 x - a +5 ring of protection (on tentacle)
Wands
 f - a wand of disintegration (12)
 C - a wand of flame (38)
 D - a wand of polymorph (12)
Scrolls
 h - 9 scrolls of remove curse
 i - 2 scrolls of fog
 j - 7 scrolls of teleportation
 p - a scroll of magic mapping
 q - a scroll of noise {unknown}
 y - a scroll of amnesia
 z - 2 scrolls of immolation
Potions
 a - 3 potions of might
 b - 3 potions of lignification
 c - 4 potions of curing
 e - a potion of agility
 g - a potion of haste
 m - 5 potions of flight
 r - 4 potions of heal wounds {unknown}
 t - 2 potions of brilliance {unknown}
Comestibles
 d - 20 rations
 E - 3 chunks of flesh


   Skills:
 + Level 8.5(13.5) Fighting
   Level 4.0(9.0) Maces & Flails
 - Level 6.5(11.5) Dodging
 - Level 1.3(6.3) Stealth
 + Level 11.1(16.1) Unarmed Combat
 + Level 2.7 Spellcasting
 - Level 3.4 Charms
 - Level 5.0 Ice Magic
   Level 2.0 Air Magic
 - Level 1.1 Evocations


You had 5 spell levels left.
You knew the following spells:

 Your Spells              Type           Power        Failure   Level  Hunger
a - Confusing Touch       Hex            #.....       19%         1    #......
b - Throw Frost           Conj/Ice       ##....       11%         2    ##.....
c - Ozocubu's Armour      Chrm/Ice       ###.....     11%         3    ###....
d - Summon Ice Beast      Ice/Summ       ##......     56%         4    #####..

Your spell library contained the following spells:

 Spells                   Type           Power        Failure   Level  Hunger
 Freeze                   Ice            ###.         2%          1    #......
 Animate Skeleton         Necr           N/A          19%         1    #......
 Pain                     Necr           #...         19%         1    #......
 Poisonous Vapours        Pois/Air       #.....       19%         2    ##.....
 Regeneration             Chrm/Necr      #.........   28%         3    ###....
 Mephitic Cloud           Conj/Pois/Air  #.......     41%         3    ###....
 Confuse                  Hex            #.......     50%         3    ###....
 Conjure Flame            Conj/Fire      #.......     50%         3    ###....
 Gell's Gravitas          Tloc           #.........   50%         3    ###....
 Vampiric Draining        Necr           #.........   50%         3    ###....
 Throw Icicle             Conj/Ice       ##......     56%         4    #####..
 Animate Dead             Necr           N/A          88%         4    #####..
 Petrify                  Tmut/Erth      #.......     88%         4    #####..
 Metabolic Englaciation   Hex/Ice        ##........   88%         5    ######.
 Yara's Violent Unravell  Hex/Tmut       #.........   99%         5    ######.
 Freezing Cloud           Conj/Ice/Air   #.........   100%        6    #######
 Ring of Flames           Chrm/Fire      #.........   100%        7    #######


Dungeon Overview and Level Annotations

Branches:
Dungeon (10/15)            Temple (1/1) D:6            Lair (0/6) D:8
    Orc: D:9-12

Altars:
Ashenzari
Cheibriados
Dithmenos
Elyvilon
Fedhas
Gozag
Hepliaklqana
Kikubaaqudgha
Makhleb
Nemelex Xobeh
Okawaru
Qazlal
Ru
Sif Muna
Trog
Uskayaw
Vehumet
Wu Jian
Xom
Yredelemnul
Zin
The Shining One

Shops:
D:9 }

Annotations:
D:8 1 runed door


Innate Abilities, Weirdness & Mutations

You cannot wear most types of armour.
You are very stealthy in the water. (Stealth+)
You are amphibious.
You can wear up to eight rings at the same time.
You can use your tentacles to constrict eight enemies at once.
Your skin changes colour to match your surroundings (Stealth+).
Your rubbery body absorbs attacks. (AC +1, EV +1)


Message History

The orc wizard completely misses you.
You tentacle-slap the yaktaur captain.
The yaktaur captain is heavily wounded.
The orc misses you.
The yaktaur captain hits you but does no damage.
You are feeling hungry.
You tentacle-slap the yaktaur captain.
The yaktaur captain is heavily wounded.
The orc wizard misses you. The orc completely misses you.
The yaktaur captain completely misses you.
You tentacle-slap the yaktaur captain.
The yaktaur captain is heavily wounded.
The orc wizard mumbles some strange words.
The orc wizard blinks!
You tentacle-slap the yaktaur captain.
The yaktaur captain is heavily wounded.
The orc hits you with a whip.
* * * LOW HITPOINT WARNING * * *
The yaktaur captain hits you!!
You die...

#######.##
##.........#
...........#
#.........#
#.........#
#.......).#
#.........#
#......ยง..########
#..o.c@..........#
#######o########.#
#.# #.# ##.## #...#
#+#(#
......=........
.........#8..8#


You could see a yaktaur captain, an orc wizard and an orc.

Vanquished Creatures
  Harold (D:8)
  A tengu warrior (D:8)
  Pikel (D:6)
  A tengu conjurer (D:8)
  A hornet (D:9)
  A hippogriff (D:10)
  2 wraiths (D:10)
  2 hungry ghosts
  Eustachio (D:6)
  Duvessa (D:6)
  2 sky beasts
  3 orc warriors
  2 black bears
  2 ice beasts
  3 ogres
  A phantom (D:8)
  5 centaurs
  2 big kobolds
  Blork the orc (D:5)
  7 bullfrogs
  Dowan (D:6)
  4 scorpions
  3 killer bees (D:9)
  12 wights
  A howler monkey (D:6)
  6 crimson imps
  5 hounds
  6 orc priests
  4 jellies
  8 orc wizards
  2 iguanas
  5 worker ants
  A howler monkey zombie (D:8)
  A worker ant zombie (D:6)
  6 gnolls
  2 howler monkey skeletons
  15 adders
  A river rat (Sewer)
  A shadow imp (D:7)
  6 oozes
  2 adder zombies
  A worm (D:2)
  A dart slug (D:1)
  4 leopard geckos
  42 orcs
  4 ball pythons
  11 giant cockroaches
  6 goblins
  6 hobgoblins
  4 jackals
  19 kobolds
  3 quokkas
  7 bats
  6 frilled lizards
  A quokka zombie (D:8)
  17 rats
264 creatures vanquished.

Vanquished Creatures (others)
  An orc wizard (D:6)
  A gnoll (D:6)
2 creatures vanquished.

Grand Total: 266 creatures vanquished

Notes
Turn   | Place    | Note
-------+----------+-------------------------------------------
     0 | D:1      | PurpleRed the Octopode Wanderer began the quest for the
                  | Orb.
     0 | D:1      | PurpleRed set off with: a +2 mace, a potion of
                  | lignification, a potion of curing, a ration
     0 | D:1      | Reached XP level 1. HP: 13/13 MP: 2/2
   145 | D:1      | Reached XP level 2. HP: 17/19 MP: 3/3
   274 | D:1      | Reached skill level 1 in Unarmed Combat
   445 | D:1      | Reached XP level 3. HP: 25/25 MP: 4/4
   913 | D:2      | Reached XP level 4. HP: 31/31 MP: 5/5
  1284 | D:2      | Reached skill level 2 in Unarmed Combat
  2286 | D:3      | Reached XP level 5. HP: 36/37 MP: 6/6
  2361 | D:3      | Reached skill level 3 in Unarmed Combat
  2941 | D:4      | Reached skill level 4 in Unarmed Combat
  2941 | D:4      | Reached XP level 6. HP: 37/43 MP: 7/7
  3194 | D:4      | Reached skill level 5 in Unarmed Combat
  3233 | D:4      | Learned a level 1 spell: Confusing Touch
  3275 | D:4      | Found a burning altar of Makhleb.
  3276 | D:4      | Found a radiant altar of Vehumet.
  3280 | D:4      | Reached XP level 7. HP: 48/48 MP: 6/8
  3493 | D:4      | Reached skill level 6 in Unarmed Combat
  3804 | D:5      | Entered Level 5 of the Dungeon
  3821 | D:5      | Noticed Blork the orc
  3842 | D:5      | Killed Blork the orc
  3988 | D:5      | Reached skill level 7 in Unarmed Combat
  4012 | D:5      | Found a glowing drain.
  4019 | Sewer    | Entered a sewer
  4133 | Sewer    | Found a white marble altar of Elyvilon.
  4295 | D:5      | Reached XP level 8. HP: 54/54 MP: 9/9
  4375 | D:5      | Reached skill level 8 in Unarmed Combat
  4741 | D:5      | Found a shimmering altar of Xom.
  4939 | D:6      | Noticed Eustachio
  4957 | D:6      | Killed Eustachio
  4999 | D:6      | Reached skill level 9 in Unarmed Combat
  5064 | D:6      | Noticed Duvessa
  5087 | D:6      | Killed Duvessa
  5090 | D:6      | Noticed Dowan
  5185 | D:6      | Killed Dowan
  5260 | D:6      | Noticed Pikel
  5267 | D:6      | Killed Pikel
  5267 | D:6      | Reached skill level 10 in Unarmed Combat
  5267 | D:6      | Reached XP level 9. HP: 42/58 MP: 10/10
  5271 | D:6      | Learned a level 2 spell: Throw Frost
  5341 | D:6      | Got a crystal dagger
  5356 | D:6      | Identified the +3 dagger of Nurchim {pierce, Str+2} (You
                  | found it on level 6 of the Dungeon)
  5511 | D:6      | Reached skill level 1 in Dodging
  5513 | D:6      | Reached skill level 1 in Ice Magic
  5751 | D:6      | Found a staircase to the Ecumenical Temple.
  5756 | Temple   | Entered the Ecumenical Temple
  5763 | Temple   | Became a worshipper of Warmaster Okawaru
  6155 | D:7      | Found a glowing golden altar of the Shining One.
  6160 | D:7      | Found a basalt altar of Yredelemnul.
  6162 | D:7      | Noticed a profane servitor
  6168 | D:7      | Noticed an angel
  6738 | D:7      | Found an ancient bone altar of Kikubaaqudgha.
  6739 | D:7      | Found a glowing silver altar of Zin.
  6875 | D:7      | Reached skill level 5 in Fighting
  7074 | D:7      | Reached * piety under Okawaru
  7117 | D:8      | Found a staircase to the Lair.
  7126 | D:8      | Learned a level 3 spell: Ozocubu's Armour
  7199 | D:8      | Reached skill level 1 in Charms
  7541 | D:8      | Found an opulent altar of Gozag.
  7541 | D:8      | Found a sparkling altar of Nemelex Xobeh.
  7594 | D:8      | Noticed Harold
  7644 | D:8      | Killed Harold
  7644 | D:8      | Reached ** piety under Okawaru
  7644 | D:8      | Reached XP level 10. HP: 27/69 MP: 4/11
  7961 | D:8      | Found a shattered altar of Ashenzari.
  8000 | D:8      | Reached skill level 5 in Dodging
  8073 | D:8      | Found a runed door.
  8073 | D:8      | Noticed a centaur warrior
  8073 | D:8      | Noticed a centaur warrior
  8075 | D:8      | Noticed a centaur warrior
  8075 | D:8      | Noticed a fire dragon
  8075 | D:8      | Noticed a manticore
  8424 | D:9      | Noticed a tengu warrior
  8451 | D:8      | Killed a tengu warrior
  8451 | D:8      | Reached *** piety under Okawaru
  8790 | D:9      | Paralysed by a hornet for 2 turns
  9059 | D:9      | Reached skill level 5 in Ice Magic
  9171 | D:9      | Learned a level 4 spell: Summon Ice Beast
  9242 | D:9      | Found Kyif's Gadget Emporium.
  9249 | D:9      | Reached XP level 11. HP: 76/77 MP: 8/12
 10024 | D:10     | Entered Level 10 of the Dungeon
 10045 | D:10     | Reached **** piety under Okawaru
 10174 | D:10     | Reached skill level 11 in Unarmed Combat
 10474 | D:10     | Noticed a yaktaur captain
 10505 | D:10     | Mangled by a yaktaur captain

Vault maps used:
D:1:      minmay_arrival_plants_in_alcoves
D:2:      first_ration, kennysheep_generic_room_4
D:4:      grunt_temple_overflow_lords_of_destruction
D:5:      tgw_xom, portal_sewer_entry_e, grunt_tough_drop, uniq_blork_the_orc
D:6:      minmay_temple_entry_statues_pillars, uniq_duvessa, uniq_pikel,
          uniq_eustachio
D:7:      grunt_temple_overflow_holy_war, gammafunk_temple_overflow_pools
D:8:      minmay_gate_of_8, grunt_temple_overflow_opulence,
          ashenzari_conservatory_becter, lair_entry_dummy,
          hangedman_little_slice_of_home, uniq_harold
D:9:      lemuel_ice_spiral_2, serial_shops, shop
D:10:     orc_0_dummy, jmf_multi_god_temple
Temple:   nicolae_temple_no_exploring_needed
Sewer:    sewer_kobolds

Skill      XL: |  1  2  3  4  5  6  7  8  9 10 11 |
---------------+----------------------------------+-----
Fighting       | 2 3 4 6 8 |  8.5
Unarmed Combat | 1 2 4 5 7 10 11 | 11.1
Dodging        | 4 6 |  6.5
Ice Magic      | 3 5 |  5.0
Charms         | 3 |  3.4
Spellcasting   | 2 |  2.7
Maces & Flails | |  4.0
Stealth        | |  1.3
Air Magic      | |  2.0
Evocations     | |  1.1

Action                   |  1- 3 |  4- 6 |  7- 9 | 10-12 || total
-------------------------+-------+-------+-------+-------++-------
Melee: Mace              |    57 |     7 |       |       ||    64
       Constrict         |    10 |    25 |    62 |    42 ||   139
       Tentacles         |     7 |    19 |    51 |    56 ||   133
       Dagger            |       |   121 |   125 |       ||   246
       Punch             |       |       |    24 |    29 ||    53
       Unarmed           |       |       |   172 |   272 ||   444
 Cast: Confusing Touch   |       |     2 |    12 |    17 ||    31
       Ozocubu's Armour  |       |       |     3 |    19 ||    22
       Throw Frost       |       |       |     1 |       ||     1
Invok: Heroism           |       |       |       |     1 ||     1
Evoke: Wand              |       |       |     3 |       ||     3
  Use: Scroll            |       |     5 |    11 |       ||    16
       Potion            |       |       |       |     2 ||     2
 Stab: Sleeping          |     8 |    10 |     7 |     3 ||    28
       Confused          |       |       |     6 |    13 ||    19
       Distracted        |       |       |       |     1 ||     1
  Eat: Chunk             |       |     8 |    14 |     7 ||    29
       Ration            |       |       |       |     2 ||     2
Armor: Skin              |     9 |    24 |    66 |    80 ||   179
Dodge: Dodged            |    27 |    58 |   126 |   166 ||   377

Table legend:
 A = Non-vault XP
 B = Vault XP
 C = Vault XP percentage of total XP
 D = Non-vault monster count
 E = Vault monster count
 F = Vault count percentage of total count
                 A         B        C        D         E       F
            +---------+---------+-------+---------+---------+-------
      Total |    8557 |    2554 |  23.0 |     227 |      38 |  14.3
            +---------+---------+-------+---------+---------+-------
        D:1 |      40 |       0 |   0.0 |      19 |       0 |   0.0
        D:2 |      74 |      15 |  16.9 |      15 |       2 |  11.8
        D:3 |     168 |       0 |   0.0 |      43 |       0 |   0.0
        D:4 |     486 |      48 |   9.0 |      28 |       1 |   3.4
        D:5 |     356 |     168 |  32.1 |      16 |      12 |  42.9
        D:6 |     408 |    1051 |  72.0 |      18 |       4 |  18.2
        D:7 |     889 |       0 |   0.0 |      11 |       0 |   0.0
        D:8 |    2746 |    1153 |  29.6 |      26 |       9 |  25.7
        D:9 |    1917 |       0 |   0.0 |      35 |       0 |   0.0
       D:10 |    1473 |       0 |   0.0 |      16 |       0 |   0.0
      Sewer |       0 |     119 | 100.0 |       0 |      10 | 100.0
            +---------+---------+-------+---------+---------+-------
